 Dungeon Crawl Stone Soup version 0.23.2 (webtiles) character file.

Game seed: 5957653068307453226

373 Borgoz the Sneak (level 6, -4/48 HPs)
             Began as a Ghoul Enchanter on Apr 4, 2019.
             Killed from afar by a white imp (5 damage)
             ... with a puff of frost
             ... summoned by Eustachio
             ... on level 4 of the Dungeon.
             The game lasted 00:05:21 (4312 turns).

Borgoz the Sneak (Ghoul Enchanter)                  Turns: 4312, Time: 00:05:22

Health: -4/48      AC:  5    Str: 12      XL:     6   Next: 71%
Magic:  7/7        EV: 12    Int: 10      God:
Gold:   73         SH:  0    Dex:  8 (11) Spells: 7/8 levels left

rFire    . . .     SeeInvis .   o - +7 club
rCold    + . .     Gourm    .   (no shield)
rNeg     + + +     Faith    .   h - +0 leather armour
rPois    ∞         Spirit   .   (no helmet)
rElec    .         Reflect  .   a - +0 cloak
rCorr    .         Harm     .   (no gloves)
MR       .....                  t - +0 pair of boots
Stlth    ++........             (no amulet)
HPRegen  0.00/turn              (no ring)
MPRegen  0.10/turn              (no ring)

@: rotting
A: rotting body, claws 1, carnivore, cold resistance 1, negative energy
resistance 3, inhibited regeneration, torment resistance, unbreathing
a: no special abilities


You were on level 4 of the Dungeon.
You were not hungry.

You visited 1 branch of the dungeon, and saw 5 of its levels.

You collected 73 gold pieces.

Inventory:

Hand Weapons
 i - a +0 short sword
 o - a +7 club (weapon)
Missiles
 f - 7 poisoned javelins (quivered)
 u - 5 tomahawks
Armour
 a - a +0 cloak (worn)
 h - a +0 leather armour (worn)
 t - a +0 pair of boots (worn)
Wands
 g - a wand of iceblast (8)
 n - a wand of random effects (24)
 s - a wand of flame (14)
Scrolls
 c - a scroll of remove curse {unknown}
 e - 4 scrolls of teleportation
 j - a scroll of immolation {unknown}
 p - a scroll of enchant weapon {unknown}
 r - 3 scrolls of identify {unknown}
Potions
 k - a potion of agility {unknown}
 l - a potion of curing {unknown}
 m - a potion of degeneration {unknown}
 q - a potion of lignification {unknown}
Comestibles
 d - 9 rations


   Skills:
 + Level 2.1 Fighting
 * Level 2.9 Short Blades
 * Level 2.7 Armour
 * Level 3.4 Dodging
 + Level 3.6 Stealth
 - Level 1.7 Spellcasting
 + Level 2.6 Hexes
 + Level 1.0 Evocations


You had 7 spell levels left.
You knew the following spells:

 Your Spells              Type           Power        Failure   Level  Hunger
a - Corona                Hex            #......      14%         1    ##.....

Your spell library contained the following spells:

 Spells                   Type           Power        Failure   Level  Hunger
 Ensorcelled Hibernation  Hex/Ice        #.....       34%         2    ###....
 Confuse                  Hex            #.......     38%         3    ####...
 Tukima's Dance           Hex            #.......     38%         3    ####...
 Dazzling Spray           Conj/Hex       #.....       56%         3    ####...


Dungeon Overview and Level Annotations

Branches:
Dungeon (5/15)
 Temple: D:4-7

Altars:
Dithmenos
Nemelex Xobeh
Okawaru
Xom
Zin

Annotations:
D:4 Eustachio


Innate Abilities, Weirdness & Mutations

Your body is rotting away.
You thrive on raw meat.
You are immune to poison.
You have sharp fingernails.
You are carnivorous and can eat meat at any time.
Your flesh is cold resistant. (rC+)
You are immune to negative energy. (rN+++)
You do not regenerate when monsters are visible.
You are immune to unholy pain and torment.
You can survive without breathing.


Message History

The quasit bites you but does no damage.
The quasit claws you.
* * * LOW HITPOINT WARNING * * *
The quasit claws you but does no damage.
The bat hits you but does no damage. The white imp hits you.
* * * LOW HITPOINT WARNING * * *
The white imp freezes you. You resist.
* * * LOW HITPOINT WARNING * * *
You closely miss Eustachio.
Eustachio is almost dead.
The bat barely misses you. The bat closely misses you. The river rat bites you.
* * * LOW HITPOINT WARNING * * *
The quasit bites you but does no damage.
The quasit barely misses you. The quasit claws you.
* * * LOW HITPOINT WARNING * * *
You feel clumsy. Eustachio barely misses you. The white imp gestures at you.
The puff of frost hits you. You resist.
You die...

..###≈≈.#
#..###.####### .#
#g..#≈≈.## #..#
#.......# #. .#≈≈..##
#.. #.#####.#
#####≈≈.... ...###.#
≈≈≈≈≈≈≈.# #.##...#
≈≈≈≈≈≈≈.# ##.##.###
........# ##..#...####
......### #....55@..$#
#####.#####..##b@.##.#
#####.....#..###r## .#
....#.###.#..# #b.. ..
###.#..##.#..#
#..##(## #
#.##.##.#..# #..# !#
###.##.##.#..##...# .#
....##.#....>.#+#.. .#
###...........# .# #
####......###+#


You could see Eustachio, a quasit, a river rat, a white imp and 2 bats.

Vanquished Creatures
  2 ogres (D:4)
  An orc wizard (D:3)
  Ijyb (D:4)
  Jessica (D:3)
  4 adders
  2 oozes
  2 worms (D:2)
  2 dart slugs (D:1)
  A leopard gecko (D:1)
  6 orcs
  5 giant cockroaches
  3 hobgoblins
  2 jackals (D:3)
  4 ball pythons
  8 bats (D:3)
  6 frilled lizards
  6 goblins
  8 kobolds
  3 rats (D:1)
67 creatures vanquished.

Vanquished Creatures (others)
  6 plants (D:4)
6 creatures vanquished.

Grand Total: 73 creatures vanquished

Notes
Turn   | Place    | Note
-------+----------+-------------------------------------------
     0 | D:1      | Borgoz the Ghoul Enchanter began the quest for the Orb.
     0 | D:1      | Reached XP level 1. HP: 14/14 MP: 2/2
    41 | D:1      | Reached skill level 1 in Short Blades
   141 | D:1      | Reached XP level 2. HP: 10/22 MP: 3/3
   998 | D:1      | HP: 1/22 [leopard gecko (3)]
  1671 | D:2      | Reached skill level 1 in Armour
  1672 | D:2      | Reached XP level 3. HP: 21/21 MP: 4/4
  2158 | D:2      | Reached skill level 1 in Fighting
  2199 | D:2      | Found a glowing silver altar of Zin.
  3089 | D:3      | Reached XP level 4. HP: 12/28 MP: 5/5
  3222 | D:3      | Noticed Jessica
  3238 | D:3      | Killed Jessica
  3238 | D:3      | Reached XP level 5. HP: 27/40 MP: 6/6
  3259 | D:3      | Found a shimmering altar of Xom.
  3260 | D:3      | Found a shimmering altar of Xom.
  3261 | D:3      | Found a shimmering altar of Xom.
  3533 | D:3      | Found a shadowy altar of Dithmenos.
  3645 | D:3      | Found a sparkling altar of Nemelex Xobeh.
  3646 | D:3      | Found an iron altar of Okawaru.
  3724 | D:4      | Identified the +11 halberd of Prudence {venom, rN+}
  3843 | D:4      | Noticed Eustachio
  3844 | D:4      | You fall through a shaft!
  3844 | D:5      | Entered Level 5 of the Dungeon
  3869 | D:4      | Noticed Ijyb
  3887 | D:4      | Killed Ijyb
  3979 | D:4      | Noticed an ogre
  3989 | D:4      | Killed an ogre
  3989 | D:4      | Reached XP level 6. HP: 37/48 MP: 7/7
  4114 | D:4      | Reached skill level 1 in Evocations
  4312 | D:4      | HP: 2/48 [river rat[Eustachio] (5)]
  4312 | D:4      | Killed from afar by a white imp

Skill      XL: |  1  2  3  4  5  6 |
---------------+-------------------+-----
Short Blades   | 1 2 |  2.9
Dodging        | 2 3 |  3.4
Armour         | 1 2 |  2.7
Fighting       | 1 2 |  2.1
Evocations     | 1 |  1.0
Stealth        | |  3.6
Spellcasting   | |  1.7
Hexes          | |  2.6

Action                   |  1- 3 |  4- 6 || total
-------------------------+-------+-------++-------
Melee: Dagger            |    28 |       ||    28
       Short sword       |   167 |    46 ||   213
       Club              |       |    88 ||    88
  Use: Scroll            |     1 |       ||     1
       Potion            |       |     1 ||     1
 Stab: Sleeping          |     4 |     5 ||     9
  Eat: Chunk             |    10 |     4 ||    14
Armor: Leather armour    |    34 |    71 ||   105
       Robe              |     7 |       ||     7
Dodge: Dodged            |   114 |   135 ||   249
